[Event "Titled Tuesday Blitz April 12 Early 2022"]
[White "Melikhov, Evgeny V."]
[Black "Kosteniuk, Alexandra"]
[WhiteFideId "4122046"]
[BlackFideId "4128125"]
[WhiteElo "1931"]
[BlackElo "2469"]
[Result "1/2-1/2"]
[Round "02"]
[TimeControl "180+1"]
[Date "2022.04.13"]
[WhiteClock "0:00:46"]
[BlackClock "0:00:26"]

1. d4 Nf6 2. c4 e6 3. Nc3 Bb4 4. Qc2 d5 5. cxd5 Qxd5 6. e3 c5 7. Bd2 Bxc3 8. Bxc3 cxd4 9. Bxd4 Nc6 10. Bxf6 gxf6 11. Ne2 O-O 12. a3 Kh8 13. Nc3 Qa5 14. Rd1 f5 15. g3 Rd8 16. Rxd8+ Qxd8 17. Bg2 Bd7 18. O-O Be8 19. Rd1 Qe7 20. e4 f4 21. gxf4 Rd8 22. Rxd8 Qxd8 23. e5 Qd4 24. Ne4 Kg7 25. Nf6 Kf8 26. Qxh7 Ke7 27. Qh8 Bd7 28. Qh4 Kd8 29. Ne4+ Kc7 30. Qf6 Qd1+ 31. Bf1 Qg4+ 32. Ng3 Nd4 33. Qe7 Nf3+ 34. Kg2 Nh4+ 35. Kg1 Nf3+ 36. Kg2 Ne1+ 37. Kg1 Nf3+ 1/2-1/2


[Site "https://www.chess.com"]

[Event "Titled Tuesday Blitz April 12 Early 2022"]
[White "Mickiewicz, Piotr"]
[Black "Stanisz, Patryk"]
[WhiteFideId "1114891"]
[BlackFideId "1123106"]
[WhiteElo "2266"]
[BlackElo "1833"]
[Result "0-1"]
[Round "02"]
[TimeControl "180+1"]
[Date "2022.04.13"]
[WhiteClock "0:01:01"]
[BlackClock "0:00:16"]

1. Nf3 d5 2. g3 c6 3. Bg2 Bf5 4. O-O Nf6 5. d3 h6 6. Nbd2 e6 7. b3 Nbd7 8. Bb2 Be7 9. Re1 Bh7 10. a3 Qb6 11. e4 Bc5 12. Qe2 Ng4 13. d4 Be7 14. c4 dxe4 15. Nxe4 Qxb3 16. Rab1 Ngf6 17. Nfd2 Qa4 18. d5 cxd5 19. cxd5 O-O 20. d6 Bxd6 21. Bxf6 Nxf6 22. Nxd6 Bxb1 23. Rxb1 Qxa3 24. N2c4 Qc5 25. Rb5 Qd4 26. Rxb7 Rab8 27. Rc7 Rb1+ 28. Bf1 Nd5 29. Nxf7 Nxc7 30. Nfe5 Nd5 31. Qg4 Qxf2+ 32. Kh1 Qxf1# 0-1


[Site "https://www.chess.com"]

[Event "Titled Tuesday Blitz April 12 Early 2022"]
[White "MikeKorovin"]
[Black "Bychkov, Vladimir"]
[BlackFideId "24151513"]
[WhiteElo "2715"]
[BlackElo "2197"]
[Result "1-0"]
[Round "02"]
[TimeControl "180+1"]
[Date "2022.04.13"]
[WhiteClock "0:00:52"]
[BlackClock "0:00:15"]

1. Nf3 Nf6 2. Nc3 d5 3. d3 Bg4 4. Bg5 e6 5. e4 d4 6. Ne2 Bxf3 7. gxf3 Bb4+ 8. c3 dxc3 9. bxc3 Be7 10. Qb3 b6 11. Qa4+ c6 12. d4 O-O 13. Bg2 Nbd7 14. Qxc6 Rc8 15. Qa4 Qc7 16. Bf4 e5 17. Bg3 Bd6 18. O-O Nh5 19. Rfd1 Rfd8 20. Bh3 g6 21. Bxd7 Rxd7 22. dxe5 b5 23. exd6 Qc5 24. Qd4 Qc6 25. Nf4 Ng7 26. Nd5 Kh8 27. Ne7 Qxc3 28. Nxc8 1-0


[Site "https://www.chess.com"]

[Event "Titled Tuesday Blitz April 12 Early 2022"]
[White "Mikhailov, Viacheslav"]
[Black "Lopez, Henry"]
[WhiteFideId "4187369"]
[BlackFideId "5203830"]
[WhiteElo "2381"]
[BlackElo "2177"]
[Result "1-0"]
[Round "02"]
[TimeControl "180+1"]
[Date "2022.04.13"]
[WhiteClock "0:00:08"]
[BlackClock "0:00:11"]

1. Nf3 c5 2. g3 b6 3. Bg2 Bb7 4. O-O Nf6 5. c3 e6 6. d4 Be7 7. a4 d6 8. a5 Nbd7 9. Qa4 Qc8 10. Ne1 O-O 11. a6 Bxg2 12. Nxg2 Qc7 13. Na3 Rac8 14. Nb5 Qb8 15. Rd1 cxd4 16. cxd4 Qa8 17. Bf4 e5 18. Bg5 Rfe8 19. Ne3 g6 20. dxe5 dxe5 21. Nd6 Nc5 22. Qh4 Bxd6 23. Bxf6 Bf8 24. Nd5 Qc6 25. Bg5 Bg7 26. Ne7+ Rxe7 27. Bxe7 Nb3 28. Rd6 Qc2 29. e3 Nxa1 30. Bf6 Bf8 31. Rd5 Qc1+ 32. Kg2 Qc6 33. e4 Nb3 34. Bxe5 Nc5 35. Bc3 Qe6 36. f3 Nd7 37. Qf4 f5 38. Qd2 Nc5 39. Qd4 fxe4 40. Qh8+ Kf7 41. Qxh7+ Ke8 42. Re5 exf3+ 43. Kxf3 Qxe5 44. Bxe5 Ne6 45. Qxa7 1-0


[Site "https://www.chess.com"]

[Event "Titled Tuesday Blitz April 12 Early 2022"]
[White "Mikhalsky, Vladimir"]
[Black "Marcziter, Dmitrii"]
[WhiteFideId "14144352"]
[BlackFideId "13900765"]
[WhiteElo "2301"]
[BlackElo "2155"]
[Result "0-1"]
[Round "02"]
[TimeControl "180+1"]
[Date "2022.04.13"]
[WhiteClock "0:00:07"]
[BlackClock "0:00:55"]

1. c4 e5 2. Nc3 Nc6 3. g3 g6 4. Bg2 Bg7 5. e3 d6 6. Nge2 f5 7. d3 Nf6 8. Rb1 O-O 9. b4 Nh5 10. b5 Ne7 11. f4 exf4 12. gxf4 c6 13. O-O Be6 14. Nd4 Bd7 15. Ba3 c5 16. Nde2 Rb8 17. Nd5 Nxd5 18. Bxd5+ Kh8 19. Ng3 Nf6 20. Bf3 Qe7 21. Re1 Ng4 22. Bxg4 fxg4 23. Bb2 a6 24. Bxg7+ Qxg7 25. Ne4 axb5 26. Nxd6 b4 27. Kh1 Bc6+ 28. e4 Rbd8 29. Nb5 Rxf4 30. Kg1 Bxe4 31. dxe4 Rxd1 32. Rbxd1 h5 33. e5 Qe7 34. e6 Rf8 35. Rd7 Qf6 36. Rd2 Re8 37. Nc7 Qf4 38. Nxe8 Qxd2 39. Kf1 Qf4+ 40. Kg1 Qd4+ 41. Kg2 Qd2+ 42. Kf1 Qd3+ 43. Kg2 Qf3+ 44. Kg1 h4 45. e7 h3 0-1


[Site "https://www.chess.com"]

[Event "Titled Tuesday Blitz April 12 Early 2022"]
[White "Mortazavi, Ali"]
[Black "Lach, Aleksandra"]
[WhiteFideId "401323"]
[BlackFideId "1134299"]
[WhiteElo "2339"]
[BlackElo "2172"]
[Result "0-1"]
[Round "02"]
[TimeControl "180+1"]
[Date "2022.04.13"]
[WhiteClock "0:00:03"]
[BlackClock "0:00:14"]

1. Nf3 f5 2. d3 Nf6 3. e4 d6 4. e5 dxe5 5. Nxe5 Nbd7 6. Bf4 e6 7. Nd2 Bd6 8. Ndc4 O-O 9. Nxd6 cxd6 10. Nc4 e5 11. Bg5 d5 12. Nd2 h6 13. Bxf6 Nxf6 14. Be2 Qb6 15. Rb1 e4 16. O-O Be6 17. Nb3 Rad8 18. c3 f4 19. Nd4 Bc8 20. Qb3 Qxb3 21. axb3 a6 22. dxe4 dxe4 23. Bc4+ Kh7 24. b4 b5 25. Bb3 g6 26. Rfe1 Rfe8 27. Re2 Bb7 28. Rbe1 Bd5 29. Bc2 Re7 30. h3 Rde8 31. Ra1 Bc4 32. Ree1 Ra8 33. Nc6 Re6 34. Nd4 Re7 35. g4 fxg3 36. fxg3 Bd5 37. Re3 Re5 38. Rf1 Kg7 39. g4 a5 40. bxa5 Rxa5 41. Rf2 Ra1+ 42. Kh2 Ra7 43. Bb3 Bxb3 44. Nxb3 Rd7 45. Nd4 b4 46. Re1 bxc3 47. bxc3 Rc5 48. Ref1 Rd6 49. Ra1 Rxc3 50. Ra7+ Rd7 51. Ne6+ Kg8 52. Ra8+ Kf7 53. Nf8 Rdc7 54. Nh7 R3c6 55. g5 hxg5 56. Nxg5+ Ke7 57. Re2 Rc2 58. Rxc2 Rxc2+ 59. Kg3 Nh5+ 60. Kh4 e3 61. Ra3 e2 62. Re3+ Kf6 63. Nf3 Ra2 64. Nd4 Nf4 65. Kg3 g5 66. h4 Nd5 67. Rf3+ Ke5 68. Nc6+ Kd6 69. Nb4 e1=Q+ 70. Kg4 Qg1+ 71. Kh5 Qd1 72. Kh6 Qxf3 73. Nxd5 Qxd5 74. h5 Qe6+ 75. Kh7 Ra7+ 0-1


[Site "https://www.chess.com"]

[Event "Titled Tuesday Blitz April 12 Early 2022"]
[White "Mustafayev, Farid"]
[Black "Niemann, Hans Moke"]
[WhiteFideId "13408771"]
[BlackFideId "2093596"]
[WhiteElo "2115"]
[BlackElo "2632"]
[Result "1-0"]
[Round "02"]
[TimeControl "180+1"]
[Date "2022.04.12"]
[WhiteClock "0:00:13"]
[BlackClock "0:00:03"]

1. d4 g6 2. Nf3 Bg7 3. Bf4 Nf6 4. e3 O-O 5. c4 d6 6. Nc3 b6 7. Be2 Bb7 8. O-O Nbd7 9. Bg3 Re8 10. d5 e5 11. dxe6 fxe6 12. Nd2 a6 13. Bh4 Qe7 14. Nde4 Qf8 15. Nxf6+ Nxf6 16. Bf3 Bxf3 17. Qxf3 Qf7 18. Rad1 Nd7 19. Qc6 Ne5 20. Qe4 Qf5 21. b3 Nd7 22. Qxf5 gxf5 23. Ne2 a5 24. Nd4 a4 25. Nb5 Rec8 26. b4 Ne5 27. Rc1 Nd3 28. Rb1 Kf7 29. f4 Ke8 30. Nd4 Bxd4 31. exd4 a3 32. Rf3 Nb2 33. Re3 Kf7 34. d5 Re8 35. dxe6+ Rxe6 36. Rxe6 Kxe6 37. Re1+ Kd7 38. Re7+ Kc6 39. b5+ Kb7 40. Rxh7 Nxc4 41. Bf6 Ne3 42. h4 Nd5 43. Bd4 Ra4 44. Bh8 Rxf4 45. h5 Rh4 46. g3 Rg4 47. Rg7 Re4 48. h6 Re6 49. h7 Re1+ 50. Kg2 Nf6 51. Rf7 Nxh7 52. Rxh7 Re2+ 53. Kf3 Rxa2 54. Rh4 Rc2 55. Ra4 Rc5 56. Rxa3 Rxb5 57. Kf4 Kc6 58. Rc3+ Kd7 59. Ra3 Ke6 60. Re3+ Kf7 61. Rc3 c5 62. Kxf5 d5 63. Be5 d4 64. Rc1 Rb2 65. g4 Rf2+ 66. Ke4 Ke6 67. Re1 b5 68. g5 Rg2 69. Kf3 Rd2 70. Bf4+ Kd5 71. Bxd2 1-0


[Site "https://www.chess.com"]

[Event "Titled Tuesday Blitz April 12 Early 2022"]
[White "Myshakov, Fyodor"]
[Black "Jumabayev, Rinat"]
[WhiteFideId "14111284"]
[BlackFideId "13702661"]
[WhiteElo "2310"]
[BlackElo "2561"]
[Result "0-1"]
[Round "02"]
[TimeControl "180+1"]
[Date "2022.04.13"]
[WhiteClock "0:00:53"]
[BlackClock "0:01:33"]

1. c4 g6 2. Nc3 Bg7 3. Nf3 e5 4. g3 Nc6 5. Bg2 Nge7 6. O-O O-O 7. d3 d6 8. Rb1 a5 9. b3 f5 10. Bb2 Kh8 11. a3 Be6 12. Ba1 Qd7 13. b4 axb4 14. axb4 Rxa1 15. Rxa1 e4 16. Qd2 exf3 17. Bxf3 Nd4 18. Bg2 Nb3 19. Qc2 Nxa1 20. Rxa1 Nc6 21. Rb1 f4 22. b5 Nd4 23. Qd2 f3 24. Bh1 fxe2 25. Nxe2 Nxe2+ 26. Qxe2 Bd4 27. Rf1 Bh3 28. Bg2 Bxg2 29. Kxg2 d5 30. f4 Re8 31. Qf3 Re3 32. Qxd5 Qxd5+ 33. cxd5 Rxd3 34. Re1 Bc5 35. Re5 b6 36. h4 Bd6 37. Re6 Rxd5 38. g4 Rxb5 39. f5 gxf5 40. g5 Kg7 41. h5 f4 42. h6+ Kf7 43. g6+ hxg6 44. h7 Rh5 45. Re4 Rxh7 46. Kf3 Rh3+ 47. Kg4 Re3 48. Rd4 Rg3+ 49. Kh4 Be7# 0-1


[Site "https://www.chess.com"]

[Event "Titled Tuesday Blitz April 12 Early 2022"]
[White "Nakamura, Hikaru"]
[Black "Harshavardhan G B"]
[WhiteFideId "2016192"]
[BlackFideId "25059009"]
[WhiteElo "2850"]
[BlackElo "1831"]
[Result "1-0"]
[Round "02"]
[TimeControl "180+1"]
[Date "2022.04.12"]
[WhiteClock "0:01:45"]
[BlackClock "0:00:12"]

1. Nf3 Nf6 2. b3 g6 3. Bb2 Bg7 4. d4 O-O 5. e3 d5 6. c4 c6 7. Bd3 Bg4 8. Nbd2 Nbd7 9. h3 Be6 10. Ng5 Bf5 11. Bxf5 gxf5 12. g4 h6 13. Ngf3 fxg4 14. hxg4 Nxg4 15. Nh4 f5 16. Qe2 e6 17. f3 Ngf6 18. O-O-O Kf7 19. e4 f4 20. e5 Ng8 21. Rdg1 Ne7 22. Qd3 Rh8 23. Ng6 Nf5 24. Nxf4 h5 25. Nxe6 Kxe6 26. Rg6+ Bf6 27. exf6 Nh6 28. Re1+ Kd6 29. cxd5 cxd5 30. Qc2 Rc8 31. Ba3+ Nc5 32. Bxc5+ Kd7 33. Rg7+ Kc6 34. Re6+ Kb5 35. a4+ Ka5 36. b4# 1-0


[Site "https://www.chess.com"]

[Event "Titled Tuesday Blitz April 12 Early 2022"]
[White "Namitbir Singh Walia"]
[Black "Dang, Hoang Son"]
[WhiteFideId "35071068"]
[BlackFideId "12402435"]
[WhiteElo "1565"]
[BlackElo "2252"]
[Result "0-1"]
[Round "02"]
[TimeControl "180+1"]
[Date "2022.04.13"]
[WhiteClock "0:00:01"]
[BlackClock "0:00:31"]

1. d4 Nf6 2. c4 g6 3. Nf3 Bg7 4. g3 O-O 5. Bg2 d6 6. O-O Nbd7 7. Nc3 e5 8. e4 exd4 9. Nxd4 Nc5 10. Re1 Ng4 11. h3 Ne5 12. Bf1 Ne6 13. Be3 Nxd4 14. Bxd4 Be6 15. Rc1 Qd7 16. Kh2 f5 17. f4 Nf3+ 18. Qxf3 Bxd4 19. exf5 Rxf5 20. Qe4 Bxc3 21. Rxc3 Re8 22. Rce3 b6 23. c5 bxc5 24. g4 Rff8 25. a4 d5 26. Qc2 c4 27. b3 cxb3 28. Qxb3 Rxf4 29. Bg2 c6 30. Re5 Qd6 31. Qg3 Rff8 32. Qf2 Rxf2 0-1


[Site "https://www.chess.com"]

[Event "Titled Tuesday Blitz April 12 Early 2022"]
[White "Nguyen Hong Nhung"]
[Black "Allahverdiyeva, Ayan"]
[WhiteFideId "12412201"]
[BlackFideId "13412590"]
[WhiteElo "1758"]
[BlackElo "1910"]
[Result "1-0"]
[Round "02"]
[TimeControl "180+1"]
[Date "2022.04.13"]
[WhiteClock "0:00:25"]
[BlackClock "0:00:04"]

1. e4 c5 2. Nc3 Nc6 3. Bb5 Nd4 4. Bc4 d6 5. Nf3 g6 6. Nxd4 cxd4 7. Qf3 Nf6 8. Nb5 e5 9. d3 Bg4 10. Qg3 h6 11. Na3 Qc8 12. h3 Bd7 13. Bd2 Rb8 14. O-O Be7 15. Bb3 Nh5 16. Qf3 Rh7 17. c3 dxc3 18. Bxc3 Nf4 19. Rac1 Qd8 20. Bd2 g5 21. Bxf4 gxf4 22. d4 Bf6 23. Nc4 Qe7 24. Rfd1 Rg7 25. dxe5 Bxe5 26. Nxe5 dxe5 27. Rc7 Rd8 28. Ba4 Bxa4 29. Rxe7+ Kxe7 30. Qa3+ 1-0


[Site "https://www.chess.com"]

[Event "Titled Tuesday Blitz April 12 Early 2022"]
[White "Noboa Silva, Kevin"]
[Black "Muradov, Soltan"]
[WhiteFideId "3618471"]
[BlackFideId "14002108"]
[WhiteElo "2172"]
[BlackElo "1854"]
[Result "1-0"]
[Round "02"]
[TimeControl "180+1"]
[Date "2022.04.13"]
[WhiteClock "0:00:49"]
[BlackClock "0:00:11"]

1. e4 e5 2. Nf3 Nf6 3. Nxe5 d6 4. Nf3 Nxe4 5. Nc3 Nxc3 6. dxc3 Be7 7. Be3 Nc6 8. Qd2 Be6 9. Bb5 a6 10. Bxc6+ bxc6 11. O-O c5 12. Rfe1 O-O 13. b3 Bf6 14. Rad1 Bg4 15. Qe2 Bxc3 16. Rf1 Re8 17. h3 Bh5 18. g4 Bg6 19. Qc4 Bf6 20. Rfe1 h6 21. Bxc5 Rxe1+ 22. Nxe1 Qd7 23. Bd4 Be7 24. Ng2 Qe6 25. Qc6 Be4 26. Qc3 c5 27. Bxg7 Bxc2 28. Re1 Qg6 29. Rxe7 Qxg7 30. Qxc2 Qa1+ 31. Re1 Qf6 32. Ne3 Re8 33. Qd2 Qf3 34. Nf5 Rxe1+ 35. Qxe1 Qxh3 36. Qe8+ Kh7 37. Qxf7+ 1-0


[Site "https://www.chess.com"]

[Event "Titled Tuesday Blitz April 12 Early 2022"]
[White "Nozdrachev, Leonid"]
[Black "Legenia, Artem"]
[WhiteFideId "24113433"]
[BlackFideId "14136945"]
[WhiteElo "2242"]
[BlackElo "1936"]
[Result "0-1"]
[Round "02"]
[TimeControl "180+1"]
[Date "2022.04.13"]
[WhiteClock "0:00:31"]
[BlackClock "0:00:08"]

1. e4 d5 2. Nc3 c6 3. Nf3 dxe4 4. Nxe4 Nf6 5. Qe2 Nxe4 6. Qxe4 Nd7 7. Bc4 Nf6 8. Ne5 e6 9. Qe2 Bd6 10. b3 O-O 11. Bb2 Nd7 12. Ng4 e5 13. O-O-O b5 14. Bd3 f5 15. Nxe5 Nxe5 16. Bxe5 Re8 17. f4 Bxe5 18. fxe5 Qd4 19. Kb1 Rxe5 20. Qf3 Qd5 21. Rde1 Rxe1+ 22. Rxe1 Qxf3 23. gxf3 Kf7 24. Re5 g6 25. a4 a6 26. Kb2 Bd7 27. Kc3 Kf6 28. Kd4 g5 29. Re1 h5 30. Kc5 g4 31. fxg4 hxg4 32. a5 Rh8 33. Kb6 Rxh2 34. Kxa6 Rh8 35. Kb7 Bc8+ 36. Kxc6 Kg5 37. Bxb5 g3 38. a6 Rh6+ 39. Kc7 Bxa6 40. Bxa6 Rxa6 41. b4 f4 42. b5 Ra2 43. c4 f3 44. Rb1 g2 45. b6 f2 46. b7 Ra7 47. Kb8 Rxb7+ 48. Rxb7 f1=Q 49. c5 g1=Q 50. Rg7+ Kh6 51. Rxg1 Qxg1 52. d4 Qxd4 53. c6 Qb6+ 54. Ka8 Qxc6+ 55. Kb8 Kg6 56. Ka7 Qb5 57. Ka8 Kf6 0-1


[Site "https://www.chess.com"]

[Event "Titled Tuesday Blitz April 12 Early 2022"]
[White "Obolenskikh, Dmitry"]
[Black "Ljukin, Sergei"]
[WhiteFideId "4156013"]
[BlackFideId "14102200"]
[WhiteElo "2512"]
[BlackElo "2312"]
[Result "1-0"]
[Round "02"]
[TimeControl "180+1"]
[Date "2022.04.13"]
[WhiteClock "0:01:29"]
[BlackClock "0:00:21"]

1. e4 e6 2. d4 d5 3. Nc3 Bb4 4. e5 Ne7 5. a3 Bxc3+ 6. bxc3 c5 7. Qg4 Qc7 8. Qxg7 Rg8 9. Qxh7 cxd4 10. Ne2 Nbc6 11. f4 Bd7 12. h4 dxc3 13. h5 O-O-O 14. Qd3 d4 15. h6 Rg6 16. Rb1 Rh8 17. h7 f6 18. exf6 Rxf6 19. Nxd4 Nxd4 20. Qxd4 e5 21. Qxa7 exf4 22. Qa8+ Qb8 23. Qxb8+ Kxb8 24. Rb4 Be6 25. Rxf4 Bf5 26. g4 Re6+ 27. Kf2 Bxc2 28. Rf7 Bg6 29. Rg7 Rf6+ 30. Kg3 Rf7 31. Rxf7 Bxf7 32. Bf4+ Kc8 33. Be5 c2 34. Bd3 Bg6 35. Bxg6 1-0


[Site "https://www.chess.com"]

[Event "Titled Tuesday Blitz April 12 Early 2022"]
[White "Odegov, Artem"]
[Black "Steil-Antoni, Fiona"]
[WhiteFideId "34183644"]
[BlackFideId "4001249"]
[WhiteElo "2286"]
[BlackElo "2059"]
[Result "1-0"]
[Round "02"]
[TimeControl "180+1"]
[Date "2022.04.13"]
[WhiteClock "0:01:48"]
[BlackClock "0:00:46"]

1. d4 d6 2. Nf3 Bg4 3. c4 Nd7 4. Nc3 e5 5. d5 Bxf3 6. exf3 f5 7. Bd3 g6 8. O-O Bg7 9. Re1 Ne7 10. Bg5 O-O 11. Qd2 Qe8 12. Nb5 Qd8 13. Bxe7 Qxe7 14. Nxc7 Rac8 15. Ne6 Rf7 16. Re2 Nc5 17. Nxc5 Rxc5 18. Rae1 Qc7 19. b3 a5 20. h4 Rf8 21. h5 b6 22. g3 Qf7 23. Kg2 g5 24. Qxg5 Kh8 25. h6 Bf6 26. Qxf5 1-0


[Site "https://www.chess.com"]

[Event "Titled Tuesday Blitz April 12 Early 2022"]
[White "Omariev, Maksim"]
[Black "Kostina, Nadezhda"]
[WhiteFideId "4193423"]
[BlackFideId "4195876"]
[WhiteElo "2502"]
[BlackElo "1982"]
[Result "0-1"]
[Round "02"]
[TimeControl "180+1"]
[Date "2022.04.13"]
[WhiteClock "0:01:26"]
[BlackClock "0:01:44"]

1. g4 c5 2. Bg2 d5 3. h3 Nc6 4. c4 d4 5. d3 h5 6. g5 Bf5 7. h4 e6 8. Bf4 Bd6 9. Qd2 Nge7 10. Na3 Ng6 11. Bxd6 Qxd6 12. Nh3 Nxh4 13. Bxc6+ Qxc6 14. O-O-O O-O-O 15. Nf4 Ng6 16. Nxh5 Bg4 17. Nxg7 Rxh1 18. Rxh1 Qxh1+ 0-1


[Site "https://www.chess.com"]

[Event "Titled Tuesday Blitz April 12 Early 2022"]
[White "Pacheco Lugo, Alejandro Jose"]
[Black "Papadiamandis, Elliot"]
[WhiteFideId "3903745"]
[BlackFideId "36074160"]
[WhiteElo "2146"]
[BlackElo "2088"]
[Result "0-1"]
[Round "02"]
[TimeControl "180+1"]
[Date "2022.04.13"]
[WhiteClock "0:01:09"]
[BlackClock "0:01:27"]

1. e4 d5 2. exd5 Nf6 3. Nf3 Qxd5 4. Nc3 Qh5 5. Be2 Bg4 6. O-O Nc6 7. h3 O-O-O 8. Nh2 Bxe2 9. Qxe2 Nd4 10. Qc4 Nxc2 11. Nb5 Rd7 12. Nxa7+ Kb8 13. Qxc2 Kxa7 14. d4 e6 15. Be3 Qd5 16. a4 g5 17. a5 h5 18. Nf3 g4 19. hxg4 hxg4 20. Ne5 Bd6 21. Qc4 Qxc4 22. Nxc4 Bh2+ 23. Kh1 Ne4 24. a6 b6 25. Na3 c6 26. b4 Rd5 27. b5 Rdh5 0-1


[Site "https://www.chess.com"]

[Event "Titled Tuesday Blitz April 12 Early 2022"]
[White "Padmini, Rout"]
[Black "Gaehwiler, Gabriel"]
[WhiteFideId "5029295"]
[BlackFideId "1314530"]
[WhiteElo "2181"]
[BlackElo "2383"]
[Result "0-1"]
[Round "02"]
[TimeControl "180+1"]
[Date "2022.04.13"]
[WhiteClock "0:00:01"]
[BlackClock "0:01:34"]

1. Nf3 Nf6 2. g3 b6 3. Bg2 Bb7 4. O-O g6 5. d3 Bg7 6. e4 O-O 7. c4 c5 8. Nc3 d6 9. Bf4 Nc6 10. Qd2 Re8 11. Bh6 Ng4 12. Bxg7 Kxg7 13. d4 e5 14. dxc5 dxc5 15. Nd5 Nd4 16. Rfe1 Nf6 17. Rac1 Rc8 18. Rc3 Bxd5 19. exd5 Qd6 20. Rce3 Ng4 21. Ra3 Rc7 22. Bh3 Nf6 23. Rae3 Rce7 24. Nxd4 cxd4 25. Ra3 Qc5 26. Ra4 e4 0-1


[Site "https://www.chess.com"]

[Event "Titled Tuesday Blitz April 12 Early 2022"]
[White "Pakhomov, Egor"]
[Black "Liyanage, Ranindu Dilshan"]
[WhiteFideId "24129542"]
[BlackFideId "9915834"]
[WhiteElo "2435"]
[BlackElo "1858"]
[Result "0-1"]
[Round "02"]
[TimeControl "180+1"]
[Date "2022.04.13"]
[WhiteClock "0:00:07"]
[BlackClock "0:02:00"]

1. d4 Nf6 2. c4 e6 3. Nc3 Bb4 4. e3 O-O 5. Ne2 c6 6. Qc2 d5 7. Nf4 Bd6 8. g3 Nbd7 9. Bd2 dxc4 10. Bxc4 e5 11. dxe5 Nxe5 12. Be2 g5 13. Nd3 Bf5 14. O-O-O Bc7 15. Be1 Qe7 16. Qb3 Rfd8 17. Nxe5 Qxe5 18. Bc4 Rxd1+ 19. Nxd1 Qe4 20. Rf1 Qb1+ 21. Kd2 Rd8+ 22. Ke2 Bc2 0-1


[Site "https://www.chess.com"]

[Event "Titled Tuesday Blitz April 12 Early 2022"]
[White "Palachev, Petr"]
[Black "Nugumanov, Bakhtiyar"]
[WhiteFideId "24129003"]
[BlackFideId "13701797"]
[WhiteElo "2339"]
[BlackElo "2262"]
[Result "1-0"]
[Round "02"]
[TimeControl "180+1"]
[Date "2022.04.13"]
[WhiteClock "0:01:03"]
[BlackClock "0:00:01"]

1. d4 d6 2. Nf3 g6 3. e4 Bg7 4. Nc3 Nf6 5. Be2 O-O 6. O-O e5 7. dxe5 dxe5 8. Qxd8 Rxd8 9. Nxe5 Nxe4 10. Nxe4 Bxe5 11. Bg5 Re8 12. Rfe1 Bd7 13. Nf6+ Bxf6 14. Bxf6 Nc6 15. Rad1 Bf5 16. c3 Re6 17. Bg5 Rae8 18. Be3 Ne5 19. h3 h5 20. Rd2 R6e7 21. Red1 b6 22. a4 a5 23. Bb5 Rf8 24. Bh6 Rc8 25. Rd8+ Rxd8 26. Rxd8+ Kh7 27. Bg5 Re6 28. Bf4 c6 29. Bf1 Kg7 30. f3 g5 31. Bxg5 Rg6 32. Be3 1-0


[Site "https://www.chess.com"]

[Event "Titled Tuesday Blitz April 12 Early 2022"]
[White "Papp, Levente"]
[Black "Sjugirov, Sanan"]
[WhiteFideId "751243"]
[BlackFideId "4189302"]
[WhiteElo "2308"]
[BlackElo "2602"]
[Result "0-1"]
[Round "02"]
[TimeControl "180+1"]
[Date "2022.04.12"]
[WhiteClock "0:00:35"]
[BlackClock "0:01:59"]

1. b3 d5 2. Bb2 Bf5 3. Nf3 e6 4. g3 h6 5. c4 c6 6. Bg2 Nf6 7. O-O Be7 8. d3 Bh7 9. Qc2 O-O 10. Nbd2 a5 11. a3 Nbd7 12. Rad1 Re8 13. Qb1 Qc7 14. Qa1 Bd6 15. Rc1 Qd8 16. e4 dxe4 17. Nxe4 Nxe4 18. dxe4 e5 19. Rfe1 Qe7 20. Nh4 Nc5 21. Qb1 Nxb3 22. Bxe5 Nxc1 23. Bxd6 Qxd6 24. Qxc1 Rad8 25. Qb1 Qxa3 26. Qxb7 Qb4 27. Qxb4 axb4 28. e5 b3 29. Bxc6 b2 0-1


[Site "https://www.chess.com"]

[Event "Titled Tuesday Blitz April 12 Early 2022"]
[White "Piliczewski, Bogusz"]
[Black "Suarez Uriel, Adrian"]
[WhiteFideId "1104144"]
[BlackFideId "22230874"]
[WhiteElo "1896"]
[BlackElo "2316"]
[Result "0-1"]
[Round "02"]
[TimeControl "180+1"]
[Date "2022.04.13"]
[WhiteClock "0:00:01"]
[BlackClock "0:01:42"]

1. d4 Nf6 2. Nf3 g6 3. Bf4 Bg7 4. e3 d6 5. h3 O-O 6. Be2 Nc6 7. O-O Nd7 8. c4 e5 9. Bh2 f5 10. Nc3 g5 11. dxe5 dxe5 12. Nd5 f4 13. Nxg5 Qxg5 14. Nxc7 Nc5 15. Nxa8 Bxh3 16. Bf3 Bxg2 17. Bxg2 f3 18. Bg3 fxg2 19. Kxg2 e4 20. Qd5+ Qxd5 21. cxd5 Nb4 22. d6 Rxa8 23. Rad1 Nbd3 24. f3 Nxb2 25. Rd5 exf3+ 26. Rxf3 Nd7 27. Rb5 Nd3 28. Rxb7 N3c5 29. Rc7 a5 30. e4 Re8 31. Re3 Bd4 32. Re2 Kf7 33. e5 Ke6 34. Bf2 Bxf2 35. Kxf2 Rf8+ 36. Kg2 Rf5 37. Ra7 a4 38. Rc2 Rxe5 39. Rc4 Kxd6 40. Rd4+ Rd5 41. Rxd5+ Kxd5 42. Kf3 Ne5+ 43. Ke3 h5 44. Rh7 Ng4+ 0-1


[Site "https://www.chess.com"]

[Event "Titled Tuesday Blitz April 12 Early 2022"]
[White "Pinheiro, Iung Alicio de O."]
[Black "Zhigalko, Sergei"]
[WhiteFideId "2104350"]
[BlackFideId "13502956"]
[WhiteElo "2598"]
[BlackElo "2662"]
[Result "0-1"]
[Round "02"]
[TimeControl "180+1"]
[Date "2022.04.12"]
[WhiteClock "0:00:16"]
[BlackClock "0:00:30"]

1. c4 e5 2. g3 Nf6 3. Bg2 c6 4. d4 exd4 5. Qxd4 Na6 6. Nf3 Bc5 7. Qd1 O-O 8. O-O d5 9. cxd5 Qxd5 10. Nc3 Qh5 11. Bg5 Be7 12. Ne4 Nxe4 13. Bxe7 Re8 14. Ba3 Bh3 15. Qb3 Bxg2 16. Kxg2 Nac5 17. Qc2 Nd7 18. Rad1 Ndf6 19. h3 Nd5 20. Rd4 Qg6 21. Qc1 Nxg3 22. fxg3 Rxe2+ 23. Rf2 Ne3+ 24. Qxe3 Rxe3 25. Rg4 Qe6 26. Bc5 Re2 27. Bd4 f6 28. Bc3 Rxf2+ 29. Kxf2 Re8 0-1


[Site "https://www.chess.com"]

[Event "Titled Tuesday Blitz April 12 Early 2022"]
[White "Pliukha, Myhajlo"]
[Black "Ansh M Shah"]
[WhiteFideId "14164698"]
[BlackFideId "25033379"]
[WhiteElo "2229"]
[BlackElo "1819"]
[Result "1-0"]
[Round "02"]
[TimeControl "180+1"]
[Date "2022.04.13"]
[WhiteClock "0:01:10"]
[BlackClock "0:00:35"]

1. e4 c6 2. d4 d5 3. Nc3 dxe4 4. Nxe4 Nf6 5. Nxf6+ exf6 6. c3 Bd6 7. Bd3 O-O 8. Qc2 Re8+ 9. Ne2 h5 10. O-O Qc7 11. h3 Nd7 12. Ng3 Bxg3 13. fxg3 Qxg3 14. Bf4 Qh4 15. g3 Qxh3 16. Bh7+ Kh8 17. Bf5 Re2 18. Qxe2 Qxf5 19. Qe8+ Kh7 20. Rae1 Nb6 21. Qxf7 Bd7 22. Re7 Qg4 23. c4 Rg8 24. Qxf6 Nxc4 25. Qh6# 1-0


[Site "https://www.chess.com"]

[Event "Titled Tuesday Blitz April 12 Early 2022"]
[White "Plotnikov, Pavel"]
[Black "Zakhartsov, Vladimir"]
[WhiteFideId "4170342"]
[BlackFideId "4145097"]
[WhiteElo "2298"]
[BlackElo "2491"]
[Result "0-1"]
[Round "02"]
[TimeControl "180+1"]
[Date "2022.04.13"]
[WhiteClock "0:00:20"]
[BlackClock "0:01:03"]

1. e4 c6 2. d4 d5 3. e5 Bf5 4. h4 h5 5. Bd3 Bxd3 6. Qxd3 e6 7. Bg5 Qb6 8. Nd2 c5 9. c4 cxd4 10. Ngf3 Nc6 11. O-O Nge7 12. Nb3 dxc4 13. Qxc4 Nf5 14. Rfd1 Qb4 15. Rac1 Qxc4 16. Rxc4 Be7 17. Bxe7 Kxe7 18. Nbxd4 Ncxd4 19. Nxd4 Rac8 20. Nxf5+ exf5 21. Rcd4 Rc7 22. f4 Rhc8 23. Kf2 Rc2+ 24. R1d2 Rxd2+ 25. Rxd2 Rc4 26. g3 Rc6 27. Ke3 Ke6 28. b4 Rc3+ 29. Rd3 Rxd3+ 30. Kxd3 Kd5 31. a4 b6 32. Kc3 a6 33. a5 b5 34. Kd3 g6 35. Kc3 Ke4 36. Kb3 Kd3 37. Ka2 Kc4 38. Ka3 Kc3 39. Ka2 Kxb4 40. Kb2 Kxa5 41. Kb3 Kb6 42. Kc3 Kc5 43. e6 fxe6 44. Kd3 Kd5 45. Ke3 b4 46. Kf3 b3 47. Kg2 b2 48. Kh3 b1=Q 49. g4 Qh1+ 50. Kg3 hxg4 51. h5 Qh3+ 52. Kf2 Qf3+ 53. Ke1 gxh5 54. Kd2 g3 55. Kc2 g2 56. Kb2 g1=Q 57. Ka2 Qgg2+ 58. Ka1 Qff1# 0-1


[Site "https://www.chess.com"]